ORI
CALIFORNIA STATE UNIVERSITY AT FULLERTON TITANS @ ARIZONA STATE UNIVERSITY SUN DEVILS
09/13/2048
 
TOP OF THE 1ST
California State University at Fullerton Titans batting - Pitching for Arizona State University Sun Devils : RHP Luis Escajeda
Pitching: RHP Luis Escajeda
Batting: LHB Jim Snell 0-0: Ball
1-0: Swinging Strike
1-1: Ground out 4-3 (Groundball, 4, EV 81.9 MPH)
Batting: RHB Zach Warwick 0-0: Ball
1-0: Ground out 6-3 (Groundball, 6MD, EV 101.9 MPH)
Batting: LHB Mike Fernandez 0-0: Called Strike
0-1: Called Strike
0-2: Strikes out swinging, 2-3 out at first.
Top of the 1st over - 0 runs, 0 hits, 0 errors, 0 left on base; California State University at Fullerton 0 - Arizona State University 0
BOTTOM OF THE 1ST
Arizona State University Sun Devils batting - Pitching for California State University at Fullerton Titans : RHP Angelo Ramos
Pitching: RHP Angelo Ramos
Batting: LHB Eric Russell 0-0: SINGLE (Groundball, 6M, EV 103.8 MPH)
Batting: RHB Rusty Gee 0-0: Called Strike
0-1: Ball
1-1: Foul Ball, location: 2F
1-2: Ball
Wild Pitch!
Eric Russell to second
2-2: Fly out, F9 (Flyball, 9D, EV 90.0 MPH)
Runner from 2nd tags up, SAFE at 3rd, no throw by RF
Batting: SHB Manny Aponte 0-0: Ball
1-0: Foul Ball, location: 2F
1-1: Foul Ball, location: 2F
1-2: Foul Ball, location: 2F
1-2: Ball
2-2: Ball
3-2: SINGLE (Flyball, 9, EV 92.5 MPH)
Eric Russell scores
Batting: LHB Dustin Gill 0-0: Called Strike
Manny Aponte is caught stealing 2nd base 2-6
0-1: Ball
1-1: Swinging Strike
1-2: Strikes out swinging
Bottom of the 1st over - 1 run, 2 hits, 0 errors, 0 left on base; California State University at Fullerton 0 - Arizona State University 1
TOP OF THE 2ND
California State University at Fullerton Titans batting - Pitching for Arizona State University Sun Devils : RHP Luis Escajeda
Batting: LHB Alberto Aguilar 0-0: Ball
1-0: Foul Ball, location: 2F
1-1: Foul Ball, location: 2F
1-2: Fly out, F8 (Flyball, 8LD, EV 100.0 MPH)
Batting: RHB Justin Thomas 0-0: Ball
1-0: Ball
2-0: Ball
3-0: Base on Balls
Batting: LHB Steve Lane 0-0: Foul Ball, location: 2F
0-1: Ball
1-1: Ball
2-1: Ball
3-1: Foul Ball, location: 2F
3-2: Strikes out swinging
Batting: RHB Alex Freyre 0-0: Ball
1-0: Swinging Strike
1-1: Fielders Choice at 2nd, 6-4 (Groundball, 6, EV 102.5 MPH)
Top of the 2nd over - 0 runs, 0 hits, 0 errors, 1 left on base; California State University at Fullerton 0 - Arizona State University 1
BOTTOM OF THE 2ND
Arizona State University Sun Devils batting - Pitching for California State University at Fullerton Titans : RHP Angelo Ramos
Batting: RHB Martin Boyle 0-0: Called Strike
0-1: Foul Ball, location: 2F
0-2: Ball
1-2: Ground out 1-3 (Groundball, 13, EV 61.2 MPH)
Batting: RHB John Burgis 0-0: Called Strike
0-1: Ball
1-1: Ground out U3 (Groundball, 13, EV 86.2 MPH)
Batting: LHB Burraga Iukini 0-0: Swinging Strike
0-1: Ball
1-1: Ground out 4-3 (Groundball, 4, EV 91.2 MPH)
Bottom of the 2nd over - 0 runs, 0 hits, 0 errors, 0 left on base; California State University at Fullerton 0 - Arizona State University 1
TOP OF THE 3RD
California State University at Fullerton Titans batting - Pitching for Arizona State University Sun Devils : RHP Luis Escajeda
Batting: RHB Angelo Ramos 0-0: Ball
1-0: SINGLE (Groundball, 6MD, EV 95.6 MPH)
Batting: RHB Takayashi Hori 0-0: Ball
1-0: Foul Ball, location: 2F
1-1: Called Strike
1-2: Strikes out swinging
Batting: LHB Jim Snell 0-0: Swinging Strike
0-1: Foul Ball, location: 2F
0-2: Strikes out swinging
Batting: RHB Zach Warwick 0-0: Ball
1-0: Ground out 4-3 (Groundball, 4, EV 104.4 MPH)
Top of the 3rd over - 0 runs, 1 hit, 0 errors, 1 left on base; California State University at Fullerton 0 - Arizona State University 1
BOTTOM OF THE 3RD
Arizona State University Sun Devils batting - Pitching for California State University at Fullerton Titans : RHP Angelo Ramos
Batting: RHB Carl Evans 0-0: SINGLE (Groundball, 5S, EV 66.9 MPH) (infield hit)
Pitching: RHP John Case
Batting: LHB Timon Giorgiou 0-0: Foul Ball, location: 2F
0-1: Swinging Strike
0-2: Ball
1-2: Ball
2-2: Foul Ball, location: 2F
2-2: Foul Ball, location: 2F
2-2: Ball
3-2: SINGLE (Groundball, 6M, EV 101.9 MPH)
Carl Evans to second
Batting: LHB Eric Russell 0-0: Called Strike
0-1: Ball
1-1: Ball
2-1: Ball
3-1: Foul Ball, location: 2F
3-2: Fly out, F3 (Line Drive, 3L, EV 70.6 MPH)
Lined into DP, U3 (Line Drive, 3L, EV 70.6 MPH)
Batting: RHB Rusty Gee 0-0: Ball
1-0: Foul Ball, location: 2F
1-1: Ball
Wild Pitch!
Carl Evans to third
2-1: Swinging Strike
2-2: Ground out 6-3 (Groundball, 6, EV 90.0 MPH)
Bottom of the 3rd over - 0 runs, 2 hits, 0 errors, 1 left on base; California State University at Fullerton 0 - Arizona State University 1
TOP OF THE 4TH
California State University at Fullerton Titans batting - Pitching for Arizona State University Sun Devils : RHP Luis Escajeda
Batting: LHB Mike Fernandez 0-0: Fly out, F9 (Flyball, 9, EV 80.0 MPH)
Batting: LHB Alberto Aguilar 0-0: Ball
1-0: Called Strike
1-1: Ball
2-1: Ball
3-1: Foul Ball, location: 2F
3-2: Strikes out swinging
Batting: RHB Justin Thomas 0-0: Foul Ball, location: 2F
0-1: Ball
1-1: Ball
2-1: Ball
3-1: Swinging Strike
3-2: Ground out 5-3 (Groundball, 5L, EV 111.2 MPH)
Top of the 4th over - 0 runs, 0 hits, 0 errors, 0 left on base; California State University at Fullerton 0 - Arizona State University 1
BOTTOM OF THE 4TH
Arizona State University Sun Devils batting - Pitching for California State University at Fullerton Titans : RHP John Case
Batting: SHB Manny Aponte 0-0: Ball
1-0: Swinging Strike
1-1: Ball
2-1: Called Strike
2-2: Ball
3-2: Ground out 3-1 (Groundball, 34, EV 103.1 MPH)
Batting: LHB Dustin Gill 0-0: Ball
1-0: Called Strike
1-1: Called Strike
1-2: Foul Ball, location: 2F
1-2: Ball
2-2: Strikes out looking
Batting: RHB Martin Boyle 0-0: SINGLE (Groundball, 34D, EV 105.0 MPH)
Batting: RHB John Burgis 0-0: Fly out, F6 (Popup, 6MS, EV 60.6 MPH)
Bottom of the 4th over - 0 runs, 1 hit, 0 errors, 1 left on base; California State University at Fullerton 0 - Arizona State University 1
TOP OF THE 5TH
California State University at Fullerton Titans batting - Pitching for Arizona State University Sun Devils : RHP Luis Escajeda
Batting: LHB Steve Lane 0-0: Called Strike
0-1: Ball
1-1: Foul Ball, location: 2F
1-2: Strikes out swinging
Batting: RHB Alex Freyre 0-0: Called Strike
0-1: Fly out, F7 (Line Drive, 78M, EV 95.0 MPH)
Batting: RHB John Case 0-0: SINGLE (Groundball, 34D, EV 110.0 MPH)
Batting: RHB Takayashi Hori 0-0: Ball
1-0: SINGLE (Groundball, 56D, EV 101.9 MPH)
John Case to second
Batting: LHB Jim Snell 0-0: Ball
1-0: Foul Ball, location: 2F
1-1: Foul Ball, location: 2F
1-2: Foul Ball, location: 2F
1-2: Strikes out swinging
Top of the 5th over - 0 runs, 2 hits, 0 errors, 2 left on base; California State University at Fullerton 0 - Arizona State University 1
BOTTOM OF THE 5TH
Arizona State University Sun Devils batting - Pitching for California State University at Fullerton Titans : RHP John Case
Batting: LHB Burraga Iukini 0-0: Ball
1-0: Ball
2-0: Called Strike
2-1: Ball
3-1: Swinging Strike
3-2: Foul Ball, location: 2F
3-2: SINGLE (Groundball, 56, EV 99.4 MPH)
Pitching: RHP Jordan Vasquez
Batting: RHB Carl Evans 0-0: Foul Ball, location: 2F
0-1: Swinging Strike
0-2: Ball
1-2: Strikes out swinging
Batting: LHB Timon Giorgiou 0-0: Fielders Choice at 2nd, 4-6 (Groundball, 4M, EV 85.6 MPH)
Batting: LHB Eric Russell 0-0: Ball
1-0: Called Strike
Timon Giorgiou steals 2nd base
1-1: Foul Ball, location: 2F
1-2: SINGLE (Groundball, 4D, EV 105.6 MPH)
Timon Giorgiou to third
Runner from 3rd tries for Home, SAFE, throw by CF to home
Eric Russell to second
Batting: RHB Rusty Gee 0-0: Ball
1-0: Ball
2-0: Foul Ball, location: 2F
2-1: Ball
3-1: Called Strike
3-2: SINGLE (Groundball, 5S, EV 66.2 MPH) (infield hit)
Eric Russell to third
Batting: SHB Manny Aponte 0-0: Fly out, F9 (Flyball, 9D, EV 103.1 MPH)
Bottom of the 5th over - 1 run, 3 hits, 0 errors, 2 left on base; California State University at Fullerton 0 - Arizona State University 2
TOP OF THE 6TH
California State University at Fullerton Titans batting - Pitching for Arizona State University Sun Devils : RHP Luis Escajeda
Batting: RHB Zach Warwick 0-0: Ground out 5-3 (Groundball, 56S, EV 73.1 MPH)
Batting: LHB Mike Fernandez 0-0: Ball
1-0: Ball
2-0: Ground out 5-3 (Groundball, 5L, EV 84.4 MPH)
Batting: LHB Alberto Aguilar 0-0: Fly out, F7 (Flyball, 7LM, EV 73.8 MPH)
Top of the 6th over - 0 runs, 0 hits, 0 errors, 0 left on base; California State University at Fullerton 0 - Arizona State University 2
BOTTOM OF THE 6TH
Arizona State University Sun Devils batting - Pitching for California State University at Fullerton Titans : RHP Jordan Vasquez
Batting: LHB Dustin Gill 0-0: Ball
1-0: Called Strike
1-1: Ground out 4-3 (Groundball, 4, EV 81.2 MPH)
Pitching: RHP Julio Moreno
Batting: RHB Martin Boyle 0-0: Called Strike
0-1: Called Strike
0-2: Ball
1-2: Strikes out swinging
Batting: RHB John Burgis 0-0: Ball
1-0: Ball
2-0: Foul Ball, location: 2F
2-1: Ball
3-1: Called Strike
3-2: Base on Balls
Batting: LHB Burraga Iukini 0-0: Ball
1-0: Ball
2-0: Ball
3-0: Called Strike
3-1: Foul Ball, location: 2F
3-2: Foul Ball, location: 2F
3-2: Base on Balls
John Burgis to second
Pitching: LHP David Garcia
Now at C: Eric Delikat
Batting: RHB Carl Evans 0-0: Called Strike
0-1: Ground out 1-3 (Groundball, 15S, EV 60.0 MPH)
Bottom of the 6th over - 0 runs, 0 hits, 0 errors, 2 left on base; California State University at Fullerton 0 - Arizona State University 2
TOP OF THE 7TH
California State University at Fullerton Titans batting - Pitching for Arizona State University Sun Devils : RHP Luis Escajeda
Batting: RHB Justin Thomas 0-0: Called Strike
0-1: Ball
1-1: Fly out, F8 (Flyball, 8RM, EV 96.2 MPH)
Batting: LHB Steve Lane 0-0: Ground out 4-3 (Groundball, 4, EV 105.0 MPH)
Batting: RHB Alex Freyre 0-0: Ball
1-0: Ball
2-0: Swinging Strike
2-1: Fly out, F8 (Flyball, 8LM, EV 90.0 MPH)
Top of the 7th over - 0 runs, 0 hits, 0 errors, 0 left on base; California State University at Fullerton 0 - Arizona State University 2
BOTTOM OF THE 7TH
Arizona State University Sun Devils batting - Pitching for California State University at Fullerton Titans : LHP David Garcia
Pitching: RHP John Woods
Batting: LHB Timon Giorgiou 0-0: Ball
1-0: Fly out, F7 (Flyball, 78S, EV 97.5 MPH)
Batting: LHB Eric Russell 0-0: Called Strike
0-1: Foul Ball, location: 2F
0-2: Ground out U3 (Groundball, 34, EV 84.4 MPH)
Batting: RHB Rusty Gee 0-0: Called Strike
0-1: Foul Ball, location: 2F
0-2: Foul Ball, location: 2F
0-2: Ground out 5-3 (Groundball, 5S, EV 87.5 MPH)
Bottom of the 7th over - 0 runs, 0 hits, 0 errors, 0 left on base; California State University at Fullerton 0 - Arizona State University 2
TOP OF THE 8TH
California State University at Fullerton Titans batting - Pitching for Arizona State University Sun Devils : RHP Luis Escajeda
Pitching: LHP T.J. Conner
Batting: SHB Eric Delikat 0-0: Ball
1-0: Ball
2-0: Ball
3-0: Called Strike
3-1: Called Strike
3-2: Base on Balls
Batting: RHB Takayashi Hori 0-0: Ball
1-0: Foul Ball, location: 2F
1-1: Grounds into double play, 5-4-3 (Groundball, 56, EV 106.2 MPH)
Batting: LHB Jim Snell 0-0: Called Strike
0-1: Foul Ball, location: 2F
0-2: Foul Ball, location: 2F
0-2: Ground out 6-3 (Groundball, 56, EV 83.8 MPH)
Top of the 8th over - 0 runs, 0 hits, 0 errors, 0 left on base; California State University at Fullerton 0 - Arizona State University 2
BOTTOM OF THE 8TH
Arizona State University Sun Devils batting - Pitching for California State University at Fullerton Titans : RHP John Woods
Pitching: RHP David Akers
Batting: SHB Manny Aponte 0-0: Ball
1-0: Ball
2-0: Called Strike
2-1: Called Strike
2-2: Ball
3-2: Foul Ball, location: 2F
3-2: SINGLE (Groundball, 4MD, EV 102.5 MPH)
Batting: LHB Dustin Gill 0-0: Ball
1-0: Called Strike
1-1: Called Strike
1-2: Ground out 6-3 (Groundball, 6MS, EV 73.1 MPH)
Manny Aponte to second
Pitching: RHP Mario Viera
Batting: RHB Martin Boyle 0-0: Foul Ball, location: 2F
0-1: Swinging Strike
0-2: Ball
1-2: Ball
2-2: Ball
3-2: Base on Balls
Batting: RHB John Burgis 0-0: Ball
1-0: Ball
2-0: Swinging Strike
2-1: Called Strike
2-2: Foul Ball, location: 2F
2-2: Foul Ball, location: 2F
2-2: Ball
3-2: Base on Balls
Manny Aponte to third
Martin Boyle to second
Batting: LHB Burraga Iukini 0-0: Ball
1-0: Foul Ball, location: 2F
1-1: Ball
2-1: Foul Ball, location: 2F
2-2: Strikes out swinging
Pitching: RHP Lance Greven
Batting: RHB Carl Evans 0-0: Foul Ball, location: 2F
0-1: Ball
1-1: Ball
2-1: Foul Ball, location: 2F
2-2: Foul Ball, location: 2F
2-2: Strikes out swinging
Bottom of the 8th over - 0 runs, 1 hit, 0 errors, 3 left on base; California State University at Fullerton 0 - Arizona State University 2
TOP OF THE 9TH
California State University at Fullerton Titans batting - Pitching for Arizona State University Sun Devils : LHP T.J. Conner
Pinch Hitting: LHB John Blumberg 0-0: Ground out 4-3 (Groundball, 4, EV 106.2 MPH)
Pitching: RHP Roberto Silva
Batting: LHB Mike Fernandez 0-0: Foul Ball, location: 2F
0-1: Foul Ball, location: 2F
0-2: Strikes out swinging
Batting: LHB Alberto Aguilar 0-0: Ball
1-0: Ball
2-0: Swinging Strike
2-1: Swinging Strike
2-2: Ball
3-2: Base on Balls
Batting: RHB Justin Thomas 0-0: Ball
1-0: Swinging Strike
1-1: Fielders Choice at 2nd, 5-4 (Groundball, 56, EV 84.4 MPH)
Top of the 9th over - 0 runs, 0 hits, 0 errors, 1 left on base; California State University at Fullerton 0 - Arizona State University 2
Tuesday, March 28th , 2023 - OOTP Baseball 23.10 Build 110